 Dungeon Crawl Stone Soup version 0.28.0-45-g0d030f2227 (webtiles) character file.

Game seed: 8091947799699049771

543 101zpm the Magician (level 7, -1/46 HPs)
             Began as a Djinni Ice Elementalist on Apr 14, 2022.
             Slain by a goblin
             ... wielding a +0 dagger
              (4 damage)
             ... on level 4 of the Dungeon.
             The game lasted 00:19:21 (6353 turns).

101zpm the Magician (Djinni Ice Elementalist)       Turns: 6353, Time: 00:19:21

Health: -1/46      AC:  2    Str:  7    XL:     7   Next: 52%
Gold:   181        EV: 12    Int: 18    God:
                   SH:  0    Dex: 14

rFire   + + +      SeeInvis .   h - +0 short sword (venom)
rCold   x . .      Faith    .   (no shield)
rNeg    . . .      Spirit   .   a - +0 robe
rPois   ∞          Reflect  .   (no helmet)
rElec   .          Harm     .   i - scarf {shadows}
rCorr   .          Rampage  .   (no gloves)
Will    .....                   (boots unavailable)
Stlth   ++........              (no amulet)
HPRegen 0.15/turn               n - ring of protection from fire
MPRegen 0.00/turn               (no ring)

@: flying
A: sickness immunity, fire resistance 2, cold vulnerability 1, float, innate
caster, HP casting, extra vitality 1
a: no special abilities


You were on level 4 of the Dungeon.
You visited 1 branch of the dungeon, and saw 5 of its levels.

You collected 181 gold pieces.

Inventory:

Hand Weapons
 h - a +0 short sword of venom (weapon)
 m - a +1 flail of protection
Missiles
 f - 3 javelins
 g - 6 boomerangs
 p - 25 stones
Armour
 a - a +0 robe (worn)
 i - a scarf of shadows (worn)
Jewellery
 n - a ring of protection from fire (left hand)
 o - a ring of positive energy
Scrolls
 b - 2 scrolls of blinking {unknown}
 c - a scroll of noise {unknown}
 d - 2 scrolls of identify {unknown}
 l - a scroll of silence {unknown}
Potions
 e - a potion of flight {unknown}
 j - a potion of berserk rage {unknown}
 k - a potion of mutation {unknown}


   Skills:
 + Level 0.5 Fighting
 + Level 2.8 Dodging
 + Level 2.3 Stealth
 + Level 6.3 Spellcasting


You had one spell level left.
You knew the following spells:

 Your Spells              Type           Power      Damage    Failure   Level
a - Freeze                Ice            100%       1d11      1%          1
b - Frozen Ramparts       Ice            56%        1d7       2%          3
c - Ozocubu's Armour      Ice            28%        N/A       2%          3
d - Hailstorm             Conj/Ice       28%        3d8       9%          4
e - Sandblast             Erth           56%        2d13      1%          1
f - Blink                 Tloc           56%        N/A       1%          2
g - Inner Flame           Hex/Fire       28%        N/A       2%          3
Your spell library was empty.

Dungeon Overview and Level Annotations

Branches:
Dungeon (5/15)
 Temple: D:4-7

Altars:
Dithmenos

Shops:
D:3 [

Annotations:
D:3 Grinder
D:4 Blork the orc


Innate Abilities, Weirdness & Mutations

You are immune to sickness and miasma.
You are immune to poison.
Your flesh is very heat resistant. (rF++)
You are vulnerable to cold. (rC-)
You float through the air rather than walking.
You learn spells naturally, not from books.
Your magical power is your life essence.
You have superior vitality. (+4 MHP)


Message History

The hobgoblin explodes!
The fiery explosion engulfs you!
Your icy armour melts away.
You resist.
You are engulfed in blazing flames.
You resist.
* * * LOW HITPOINT WARNING * * *
You hear a shout!
You hear an angry growl.
You hear a shout!
Your frozen ramparts will break if you move.
Continue?
You are engulfed in blazing flames.
You resist.
* * * LOW HITPOINT WARNING * * *
Your magical contamination has completely faded away.
The frozen ramparts melt away.
You fly upwards.
Level annotation: Grinder
There is a stone staircase leading down here.
You start resting.
Grinder is nearby!
Grinder shouts!
You fly downwards.
Level annotation: Blork the orc The goblin shouts!
The adder hisses angrily.
The kobold throws a stone.
The stone hits you.
* * * LOW HITPOINT WARNING * * *
The adder bites you.
* * * LOW HITPOINT WARNING * * *
There is a stone staircase leading up here.
Aiming: Freeze (safe; 1% risk of failure)
Press: ? - help, Q - select action, (/) - cycle Shift-Dir - straight line, f - adder
Aim: an adder You freeze the adder.
The adder is heavily wounded.
* * * LOW HITPOINT WARNING * * *
The adder bites you.
* * * LOW HITPOINT WARNING * * *
Aiming: Freeze (safe; 1% risk of failure)
Press: ? - help, Q - select action, (/) - cycle Shift-Dir - straight line, f/p - adder
Aim: an adder (heavily wounded)
You freeze the adder!
You kill the adder!
* * * LOW HITPOINT WARNING * * *
The goblin hits you with a +0 dagger.
You die...

............#
.?..........#.
.....$..../.... ##
...........$... ..
............... ..
.......).......
......@......#
.....$g.$...##.
...)...#.......
......##K...... .
......#..(.....
......#........
....................
#.. ...........h...
................


You could see a goblin and a kobold.

Vanquished Creatures
  A black bear (D:4)
  A bullfrog (D:3)
  A scorpion (D:4)
  A hound (D:5)
  A jelly (D:4)
  Ijyb (D:4)
  2 orc wizards (D:3)
  7 adders
  3 gnolls (D:2)
  An adder skeleton (D:4)
  2 worms
  5 dart slugs
  9 orcs (D:3)
  9 bats
  2 endoplasms (D:2)
  4 giant cockroaches
  5 goblins
  5 hobgoblins
  12 jackals
  3 quokkas
  7 ball pythons
  4 frilled lizards
  5 kobolds
  2 rats
93 creatures vanquished.

Vanquished Creatures (others)
  10 plants (D:2)
10 creatures vanquished.

Grand Total: 103 creatures vanquished

Notes
Turn   | Place    | Note
-------+----------+-------------------------------------------
     0 | D:1      | 101zpm the Djinni Ice Elementalist began the quest for the
                  | Orb.
     0 | D:1      | Reached XP level 1. HP: 15/15 MP: 0/0
   123 | D:1      | Reached XP level 2. HP: 10/21 MP: 0/0
   918 | D:1      | Reached XP level 3. HP: 22/25 MP: 0/0
   918 | D:1      | Learned a level 1 spell: Sandblast
   999 | D:1      | Found a faded altar of an unknown god.
  1578 | D:1      | Reached skill level 4 in Spellcasting
  2221 | D:2      | Reached XP level 4. HP: 26/31 MP: 0/0
  2677 | D:2      | Reached XP level 5. HP: 8/35 MP: 0/0
  2677 | D:2      | Learned a level 2 spell: Blink
  3478 | D:3      | Found a shadowy altar of Dithmenos.
  3513 | D:3      | Reached skill level 5 in Spellcasting
  3864 | D:3      | Noticed a bullfrog
  3869 | D:3      | Killed a bullfrog
  3870 | D:3      | Reached XP level 6. HP: 31/40 MP: 0/0
  3979 | D:3      | Found Xirphim's Antique Armour Emporium.
  4599 | D:4      | Noticed a black bear
  4800 | D:4      | Noticed Blork the orc
  5034 | D:4      | Noticed Ijyb
  5034 | D:4      | Noticed a black bear
  5035 | D:4      | Paralysed by Ijyb for 6 turns
  5310 | D:4      | Noticed Grinder
  5730 | D:4      | Paralysed by Grinder for 3 turns
  6080 | D:5      | Entered Level 5 of the Dungeon
  6113 | D:5      | Reached XP level 7. HP: 43/46 MP: 0/0
  6113 | D:5      | Learned a level 3 spell: Inner Flame
  6119 | D:4      | Killed Ijyb
  6129 | D:4      | Reached skill level 6 in Spellcasting
  6353 | D:4      | Slain by a goblin

Illustrated notes

Levels and vault maps discovered:
D:1:      evilmike_arrival_fibonacci_small, layout_basic,
          hellmonk_ecumenical_altar_inner_sanctum, minmay_small_reverse_x
D:2:      layout_loops_ring, wad_woods_river_04, chequers_big_river
D:3:      layout_loops_cross, lemuel_tele_altar, serial_shops, shop,
          grunt_ministairs_9
D:4:      layout_rooms, minmay_temple_entry_glassed_door,
          hangedman_minor_gate_pass, uniq_ijyb, uniq_blork_the_orc, uniq_grinder
D:5:      layout_basic, ashenzari_altar_1, nemelex_xobeh_ov_fountains_minmay,
          uniq_menkaure

Skill      XL: |  1  2  3  4  5  6  7 |
---------------+----------------------+-----
Spellcasting   | 4 5 6 |  6.3
Stealth        | 2 |  2.3
Fighting       | |  0.5
Dodging        | |  2.8

Action                   |  1- 3 |  4- 6 |  7- 9 || total
-------------------------+-------+-------+-------++-------
Melee: Short sword       |       |    47 |       ||    47
       Punch             |       |     3 |       ||     3
 Cast: Freeze            |    53 |    47 |     9 ||   109
       Frozen Ramparts   |       |    26 |     3 ||    29
       Ozocubu's Armour  |       |     8 |     2 ||    10
       Blink             |       |     1 |       ||     1
       Inner Flame       |       |       |     2 ||     2
Armor: Robe              |     7 |    21 |     6 ||    34
Dodge: Dodged            |    27 |    43 |     8 ||    78
